 Dungeon Crawl Stone Soup version 0.30-a0-6-g7c9e10e132 (webtiles) character file.

Game seed: 4969696616489209076

2018 siradein the Scholar of Death (level 9, -6/85 HPs)
             Began as a Troll Necromancer on Aug 22, 2022.
             Was a Follower of Kikubaaqudgha.
             Mangled by a gnoll
             ... wielding a +0 halberd
             ... led by a gnoll sergeant
              (14 damage)
             ... on level 8 of the Dungeon.
             The game lasted 00:12:19 (4715 turns).

siradein the Scholar of Death (Troll Necromancer)   Turns: 4715, Time: 00:12:20

Health: -6/85      AC:  8    Str: 18    XL:     9   Next: 3%
Magic:  2/22       EV:  9    Int: 15    God:    Kikubaaqudgha [*.....]
Gold:   262        SH:  0    Dex: 10    Spells: 7/15 levels left

rFire   . . .      SeeInvis .      - Unarmed
rCold   . . .      Faith    .    (no shield)
rNeg    . . .      Spirit   .    a - +0 robe
rPois   .          Reflect  .    (helmet restricted)
rElec   .          Harm     .    (no cloak)
rCorr   .          Rampage  .    (gloves unavailable)
Will    .....                    (boots unavailable)
Stlth   +.........               (no amulet)
HPRegen 1.04/turn                f - ring of magical power
MPRegen 0.18/turn                r - +4 ring of protection

@: no status effects
A: large, unfitting armour, claws 3, regeneration 1, shaggy fur 1, tough skin 1
a: Renounce Religion, Unearth Wretches


You were on level 8 of the Dungeon.
You worshipped Kikubaaqudgha.
Kikubaaqudgha was aware of your devotion.
You visited 2 branches of the dungeon, and saw 7 of its levels.

You collected 262 gold pieces.

Inventory:

Missiles
 c - 3 boomerangs
 d - 3 throwing nets
 q - 20 stones
 s - 6 poisoned darts
Armour
 a - a +0 robe (worn)
Jewellery
 f - a ring of magical power (left claw)
 r - a +4 ring of protection (right claw)
Wands
 h - a wand of quicksilver (7)
 k - a wand of iceblast (14)
Scrolls
 j - 3 scrolls of noise {unknown}
 o - 2 scrolls of brand weapon {unknown}
 t - a scroll of blinking {unknown}
 u - a scroll of immolation {unknown}
 v - 2 scrolls of identify
Potions
 b - 2 potions of magic
 e - a potion of berserk rage
 g - a potion of invisibility {unknown}
 i - a potion of cancellation {unknown}
 l - a potion of mutation
 m - 3 potions of curing
 n - 3 potions of flight
 p - a potion of heal wounds {unknown}
 w - a potion of might {unknown}


   Skills:
 + Level 4.7 Fighting
 - Level 1.5 Dodging
 - Level 1.0 Stealth
 + Level 5.6 Unarmed Combat
 + Level 3.9 Spellcasting
 + Level 5.9 Necromancy


You had 7 spell levels left.
You knew the following spells:

 Your Spells              Type           Power      Damage    Failure   Level
a - Necrotise             Necr           80%        1d8       1%          1
b - Vampiric Draining     Necr           20%        2d7       4%          3
c - Animate Dead          Necr           20%        N/A       16%         4

Your spell library contained the following spells:

 Spells                   Type           Power      Damage    Failure   Level
 Sublimation of Blood     Necr           20%        N/A       2%          2
 Freeze                   Ice            8%         1d3       19%         1
 Shock                    Conj/Air       8%         1d3       19%         1
 Slow                     Hex            8%         N/A       19%         1
 Agony                    Necr           20%        N/A       41%         5
 Anguish                  Hex/Necr       5%         N/A       47%         4
 Confusing Touch          Hex            2%         N/A       50%         3
 Frozen Ramparts          Ice            4%         1d1       50%         3
 Gell's Gravitas          Tloc           2%         N/A       50%         3
 Lesser Beckoning         Tloc           2%         N/A       50%         3
 Swiftness                Air            2%         N/A       50%         3
 Teleport Other           Tloc           2%         N/A       50%         3
 Airstrike                Air            1%         2d(1-17)  88%         4
 Hailstorm                Conj/Ice       2%         3d3       88%         4


Dungeon Overview and Level Annotations

Branches:
Dungeon (5/15)             Temple (1/1) D:5

Altars:
Cheibriados
Fedhas
Gozag
Hepliaklqana
Kikubaaqudgha
Nemelex Xobeh
Okawaru
Qazlal
Ru
Sif Muna
Trog
Uskayaw
Wu Jian
Xom
Yredelemnul

Shops:
D:3 *


Innate Abilities, Weirdness & Mutations

You are too large for most types of armour.
You have claws for hands.
Your natural rate of healing is unusually fast.
You are covered in fur. (AC +1)
You have tough skin. (AC +1)


Message History

* * * LOW HITPOINT WARNING * * *
Unknown command.
Unknown command.
Unknown command.
You barely miss the kobold brigand.
The kobold brigand is severely wounded.
Unknown command.
Unknown command.
Unknown command.
You scratch the kobold brigand. Your claw misses the kobold brigand.
The kobold brigand is almost dead.
The gnoll hits you from afar with a +0 halberd.
* * * LOW HITPOINT WARNING * * *
The kobold brigand hits you but does no damage.
Unknown command.
Unknown command.
Unknown command.
You barely miss the kobold brigand.
The kobold brigand is severely wounded.
The kobold brigand hits you but does no damage.
The gnoll completely misses you.
Unknown command.
Unknown command.
Unknown command.
You barely miss the kobold brigand.
The kobold brigand is severely wounded.
The gnoll hits you from afar with a +0 halberd.
* * * LOW HITPOINT WARNING * * *
The kobold brigand hits you with a +0 short sword.
* * * LOW HITPOINT WARNING * * *
Unknown command.
Unknown command.
Unknown command.
Unknown command.
You claw the kobold brigand!
You kill the kobold brigand!
Kikubaaqudgha accepts your kill.
The gnoll hits you from afar with a +0 halberd!
You die...
Kikubaaqudgha rasps: "You have failed me!
Welcome... death!"

..)...#[####..# ###
..#.#.#.......# #..
###.#.######.## #.# ###'#.# #.#
##.# ......# #.# #..####
#.....## #.## #..... .......##
#..## ###.g##
........####...######....†#
........+.......@)ggJl.#)))#
........####...#######.##g.J..#
.......## #..## #.# #(.!##
#.....## #.## #.# .$..# ##...##
#)# #.# .#...# ##'## #)# #..
##... #.###### #)# ##. #..
#......# #.# . ##.####.# #.#


You could see a wyvern, a jelly and 2 gnolls.

Vanquished Creatures
  Menkaure (D:5)
  An orc warrior (D:8)
  An ice beast (D:5)
  A black bear (D:4)
  3 ogres
  A kobold brigand (D:8)
  3 gnoll sergeants
  A scorpion (D:5)
  3 wights (D:8)
  3 killer bees (D:8)
  A jelly (D:4)
  2 iguanas (D:5)
  3 orc wizards
  14 gnolls
  4 adders
  2 dart slugs (D:1)
  19 orcs
  7 bats
  9 endoplasms
  4 giant cockroaches
  5 goblins
  8 hobgoblins
  6 jackals
  8 kobolds
  5 quokkas
  9 ball pythons
  4 frilled lizards
  2 rats
130 creatures vanquished.

Vanquished Creatures (collateral kills)
  A kobold brigand (D:8)
  A bullfrog (D:8)
  2 wights (D:8)
  3 killer bees (D:8)
  A gnoll (D:8)
  A shadow imp (D:8)
9 creatures vanquished.

Vanquished Creatures (others)
  5 killer bee zombies (D:8)
  4 gnoll zombies (D:8)
  9 plants (D:4)
18 creatures vanquished.

Grand Total: 157 creatures vanquished

Notes
Turn   | Place    | Note
-------+----------+-------------------------------------------
     0 | D:1      | siradein the Troll Necromancer began the quest for the Orb.
     0 | D:1      | Reached XP level 1. HP: 16/16 MP: 1/1
   157 | D:1      | Reached XP level 2. HP: 26/26 MP: 3/3
   349 | D:1      | Reached skill level 1 in Unarmed Combat
   393 | D:1      | Reached XP level 3. HP: 32/32 MP: 4/4
   399 | D:1      | Learned a level 3 spell: Vampiric Draining
   519 | D:1      | Reached skill level 1 in Fighting
  1264 | D:2      | Reached XP level 4. HP: 40/41 MP: 5/5
  1552 | D:3      | Found a snail-covered altar of Cheibriados.
  1555 | D:3      | Found a stormy altar of Qazlal.
  1672 | D:3      | Found Boejemam's Assorted Antiques.
  1886 | D:3      | Found an opulent altar of Gozag.
  2377 | D:4      | Noticed a gnoll sergeant
  2403 | D:4      | Killed a gnoll sergeant
  2404 | D:4      | Reached XP level 5. HP: 27/49 MP: 7/7
  2656 | D:4      | Noticed an ogre
  2665 | D:4      | Killed an ogre
  2666 | D:4      | Reached XP level 6. HP: 36/57 MP: 8/8
  2702 | D:4      | Identified the +1 leather armour of the Guardian {Contam
                  | rC+ Str+4 Slay+3}
  2948 | D:4      | Reached XP level 7. HP: 55/66 MP: 9/9
  3229 | D:5      | Entered Level 5 of the Dungeon
  3489 | D:5      | Found a staircase to the Ecumenical Temple.
  3506 | Temple   | Entered the Ecumenical Temple
  3654 | Temple   | Became a worshipper of Kikubaaqudgha
  3760 | D:5      | Noticed Menkaure
  3767 | D:5      | Killed Menkaure
  3878 | D:5      | Reached skill level 5 in Necromancy
  3894 | D:5      | Learned a level 4 spell: Animate Dead
  3923 | D:5      | Reached XP level 8. HP: 31/76 MP: 7/11
  4015 | D:5      | You fall into a shaft and drop 3 floors!
  4482 | D:8      | Reached skill level 5 in Unarmed Combat
  4490 | D:8      | Reached * piety under Kikubaaqudgha
  4490 | D:8      | Received a gift from Kikubaaqudgha
  4695 | D:8      | Reached XP level 9. HP: 38/85 MP: 5/13
  4715 | D:8      | Mangled by a gnoll

Illustrated notes

Levels and vault maps discovered:
D:1:      dpeg_arrival_circle_labyrinth_b, layout_basic,
          hangedman_decor_riveting, minmay_split_cup_small
D:2:      wad_pebble_path, layout_rooms
D:3:      layout_basic, nicolae_gozag_cash_rules_everything_around_me,
          grunt_temple_overflow_open, serial_shops, nicolae_shop_hallway_stairs
D:4:      layout_basic, nicolae_grassy_gnolls
D:5:      layout_basic, minmay_temple_entry_overgrown, uniq_menkaure
D:8:      lemuel_ratsnest, layout_loops_corners, minmay_circle_x
Temple:   dpeg_five_rooms_temple

Skill      XL: |  1  2  3  4  5  6  7  8 |
---------------+-------------------------+-----
Unarmed Combat | 1 2 3 4 5 |  5.6
Fighting       | 1 2 3 4 |  4.7
Spellcasting   | 2 3 |  3.9
Necromancy     | 4 5 |  5.9
Dodging        | |  1.5
Stealth        | |  1.0

Action                   |  1- 3 |  4- 6 |  7- 9 || total
-------------------------+-------+-------+-------++-------
Melee: Unarmed           |   130 |   129 |   181 ||   440
       Punch             |       |     2 |     2 ||     4
Throw: Stone             |       |     8 |       ||     8
       Dart              |       |     6 |       ||     6
 Cast: Vampiric Draining |       |    10 |    29 ||    39
       Animate Dead      |       |       |     3 ||     3
  Use: Scroll            |       |       |     5 ||     5
 Stab: Sleeping          |     3 |     2 |     1 ||     6
Armor: Robe              |    58 |    46 |    64 ||   168
Dodge: Dodged            |    68 |    59 |    96 ||   223

Table legend: (Time is in decaauts)
 A = Elapsed time spent in this place.
 B = Non-inter-level travel time spent in this place.
 C = Inter-level travel time spent in this place.
 D = Time resting spent in this place.
 E = Time spent auto-exploring this place.
 F = Levels seen in this place.
 G = Mean time per level.
                   A        B        C        D        E       F      G
               +--------+--------+--------+--------+--------+-----+--------+
         Total |   4709 |   4518 |    191 |      0 |   3454 |   7 |  672.7 |
       Dungeon |   4508 |   4397 |    111 |      0 |   3344 |   6 |  751.3 |
        Temple |    200 |    120 |     80 |      0 |    110 |   1 |  200.0 |
               +--------+--------+--------+--------+--------+-----+--------+

Top non-repeatable levels by time:
     D:4: 918 daAuts
     D:3: 875 daAuts
     D:1: 865 daAuts
     D:8: 708 daAuts
     D:5: 580 daAuts
     D:2: 561 daAuts
  Temple: 200 daAuts
